 Dungeon Crawl Stone Soup version 0.21.0 (console) character file.

8351 removed the Covert (level 11, -2/64 HPs)
             Began as a Deep Elf Artificer on Jan 6, 2018.
             Was a Priest of Dithmenos.
             Killed from afar by an electric eel (14 damage)
             ... with a bolt of electricity
             ... on level 9 of the Dungeon.
             The game lasted 00:26:32 (14466 turns).

removed the Covert (Deep Elf Artificer)            Turns: 14466, Time: 00:26:32

Health: -2/64      AC:  9    Str:  9    XL:     11   Next: 8%
Magic:  19/19      EV: 15    Int: 17    God:    Dithmenos [***...]
Gold:   510        SH:  0    Dex: 18    Spells: 10/10 levels left

rFire    . . .     SeeInvis .   a - +5 dagger
rCold    . . .     Gourm    .   (no shield)
rNeg     . . .     Faith    .   R - +0 ring mail "Itoxeh" {MR+ rCorr} (curse)
rPois    .         Spirit   .   Z - +0 helmet
rElec    .         Reflect  .   w - +0 cloak
rCorr    +         Harm     .   (no gloves)
MR       ++...                  D - +1 pair of boots
Stlth    ++++++....             y - amulet of rage
HPRegen  0.20/turn              (no ring)
MPRegen  0.16/turn              (no ring)

@: wreathed by umbra
A: no striking features
a: Shadow Step, Renounce Religion, Evoke Berserk Rage


You were on level 9 of the Dungeon.
You worshipped Dithmenos.
Dithmenos was most pleased with you.
You were not hungry.

You visited 1 branch of the dungeon, and saw 9 of its levels.

You collected 580 gold pieces.
You spent 70 gold pieces at shops.

Inventory:

Hand Weapons
 a - a +5 dagger (weapon)
 b - a +1 dagger of draining
 j - a +0 short sword
 O - the +2 trident "Pogumoj" {holy, rPois Str+4 Dex+4}
   (You found it on level 5 of the Dungeon)

   It has been blessed by the Shining One to cause great damage to the undead
   and demons.
   It affects your strength (+4).
   It affects your dexterity (+4).
   It protects you from poison.
Missiles
 G - 2 throwing nets (quivered)
 Q - 2 curare-tipped needles
Armour
 w - a +0 cloak (worn)
 D - a +1 pair of boots (worn)
 K - a +1 robe of magic resistance
 R - the cursed +0 ring mail "Itoxeh" (worn) {MR+ rCorr}
   (You found it on level 8 of the Dungeon)

   It affects your resistance to hostile enchantments.
   It protects you from acid and corrosion.
   It has a curse placed upon it.
 Y - a +0 leather armour of fire resistance
 Z - a +0 helmet (worn)
Magical Staves
 B - an uncursed staff of poison
Jewellery
 y - an amulet of rage (around neck)
Wands
 d - a wand of enslavement (20)
 r - a wand of paralysis (5)
Scrolls
 g - a scroll of blinking
 p - 4 scrolls of remove curse
 A - 2 scrolls of amnesia
 I - 2 scrolls of enchant weapon
 P - a scroll of fog
 S - a scroll of teleportation
Potions
 i - a potion of magic
 l - 5 potions of flight
 n - a potion of curing
 o - a potion of invisibility {unknown}
 s - 3 potions of agility
 t - a potion of brilliance {unknown}
 v - a potion of haste {unknown}
 L - 3 potions of heal wounds
 T - a potion of might {unknown}
 V - a potion of lignification {unknown}
 W - a potion of ambrosia {unknown}
Books
 N - a book of Cantrips

   Spells                             Type                      Level
   a - Confusing Touch                Hexes                        1
   b - Animate Skeleton               Necromancy                   1
   c - Summon Small Mammal            Summoning                    1
   d - Apportation                    Translocation                1
 U - a book of the Warp

   Spells                             Type                      Level
   a - Gell's Gravitas                Translocation                3
   b - Portal Projectile              Hexes/Translocation          3
   c - Force Lance                    Conjuration/Translocation    4
   d - Dispersal                      Translocation                6
   e - Controlled Blink               Translocation                8
   f - Disjunction                    Translocation                8
Comestibles
 f - 19 rations


   Skills:
 - Level 5.6 Fighting
 - Level 10.2 Short Blades
 + Level 8.1 Dodging
 - Level 10.3 Stealth
 - Level 8.0 Evocations


You had 10 spell levels left.
You didn't know any spells.

Dungeon Overview and Level Annotations

Branches:
Dungeon (9/15)             Temple (0/1) D:5            Lair (0/6) D:9
    Orc: D:9-12

Altars:
Dithmenos
Elyvilon
Fedhas
Hepliaklqana
Kikubaaqudgha
Makhleb
Nemelex Xobeh
Sif Muna
Wu Jian
The Shining One

Shops:
D:4 [   D:5 =(??


Message History

Evoke which item? (* to show all) (? for menu, Esc to quit)
Aiming: Enslavement
Press: ? - help, Shift-Dir - straight line, f/p - electric eel
Aim: an electric eel (umbra, chance to defeat MR: 76%) Really fire in your electric eel's direction?
Okay, then.
Evoke which item? (* to show all) (? for menu, Esc to quit)
Aiming: Enslavement
Press: ? - help, Shift-Dir - straight line, f/p - electric eel
Aim: an electric eel (water, umbra, chance to defeat MR: 76%) Really fire in your electric eel's direction?
Okay, then.
The electric eel shoots out a bolt of lightning at you!
The bolt of electricity hits you!
* * * LOW HITPOINT WARNING * * *
Unknown command.
You miss the electric eel.
The electric eel shoots out a bolt of lightning at you!
The bolt of electricity hits you!
You die...

#######...##.>...........T.T.#
.######...##......#####.####.#
........>.##.#....# #.# #<#
.######...........#####.# #.#
.# #.................# #.# .#
#..≈....≈.≈.......# ##.## .#
#...≈≈≈.≈.≈.≈..≈..# #...### .#
##..≈≈≈≈≈;≈.≈..≈..# #.....# .#
#...≈≈≈≈;@≈≈≈≈...# #...#T# .#
#≈.≈≈≈≈≈≈≈≈≈≈......#####.# .#
#≈≈≈≈≈≈≈≈≈≈≈≈....#.# #.# ##
≈≈≈≈.≈.≈.≈≈≈≈.##.# #T#
≈≈≈≈≈....≈≈≈..# # #.#
≈≈≈≈≈.>.≈.≈≈≈.# #.#
≈≈≈≈≈....≈h...# #.#
≈≈≈≈≈....≈≈≈..# #.# #.#


You could see a wolf, an electric eel and a friendly electric eel.

Vanquished Creatures
  3 two-headed ogres
  The ghost of skk the Grappler, a novice TrMo of Cheibriados (D:7)
  2 hornets
  The ghost of Armakuni the Skirmisher, an amateur HuFi (D:4)
  A troll (D:9)
  3 hippogriffs
  A yak (D:8)
  4 hogs (D:7)
  A human (D:7)
  An ice beast (D:7)
  A sky beast (D:7)
  A black bear (D:9)
  3 orc warriors (D:8)
  A phantom (D:5)
  3 ogres
  3 centaurs
  4 wolves (D:9)
  A gnoll sergeant (D:5)
  A scorpion (D:6)
  4 killer bees (D:8)
  3 wights (D:8)
  2 crimson imps
  A bullfrog zombie (D:7)
  9 hounds
  A quasit (D:9)
  10 orc wizards
  5 jellies
  A bullfrog skeleton (D:6)
  2 centaur skeletons
  10 gnolls
  6 orc priests
  4 iguanas
  4 worker ants
  3 hound zombies
  3 hound skeletons
  2 howler monkey zombies
  A worker ant zombie (D:6)
  4 adders
  2 shadow imps (D:8)
  4 oozes (D:2)
  2 adder skeletons
  5 worms
  2 dart slugs (D:1)
  3 leopard geckos
  27 orcs
  5 giant cockroaches
  5 goblins
  7 hobgoblins
  25 jackals
  4 quokkas
  A ball python (D:1)
  A ball python skeleton (D:3)
  8 bats
  3 frilled lizards
  9 kobolds
  A leopard gecko skeleton (D:8)
  A leopard gecko zombie (D:6)
  8 rats
234 creatures vanquished.

Vanquished Creatures (collateral kills)
  A wyvern (D:9)
  A wight (D:8)
  A jelly (D:6)
  A hound (D:9)
  An orc wizard (D:5)
  2 gnolls (D:2)
  4 oozes (D:2)
  2 orcs
  A kobold (D:2)
  A bat (D:2)
15 creatures vanquished.

Vanquished Creatures (others)
  2 worker ants
  A quokka (D:5)
  10 toadstools (D:2)
13 creatures vanquished.

Grand Total: 262 creatures vanquished

Notes
Turn   | Place    | Note
-------+----------+-------------------------------------------
     0 | D:1      | removed the Deep Elf Artificer began the quest for the Orb.
     0 | D:1      | Reached XP level 1. HP: 11/11 MP: 5/5
   422 | D:1      | Reached XP level 2. HP: 16/16 MP: 6/6
  1102 | D:2      | Reached XP level 3. HP: 16/20 MP: 7/7
  1665 | D:2      | Reached XP level 4. HP: 12/24 MP: 8/8
  2055 | D:2      | Found an ancient bone altar of Kikubaaqudgha.
  2058 | D:2      | Found a hazy altar of Hepliaklqana.
  2061 | D:2      | Found a burning altar of Makhleb.
  2246 | D:2      | Reached XP level 5. HP: 3/28 MP: 9/9
  2844 | D:2      | Reached skill level 1 in Fighting
  3490 | D:3      | Found a blossoming altar of Fedhas.
  3900 | D:3      | Reached XP level 6. HP: 35/35 MP: 11/11
  3904 | D:3      | Found a shadowy altar of Dithmenos.
  4777 | D:4      | Reached skill level 5 in Evocations
  4954 | D:4      | Noticed Armakuni's ghost (amateur HuFi)
  4985 | D:4      | Killed Armakuni's ghost
  4985 | D:4      | Reached XP level 7. HP: 40/40 MP: 12/12
  5113 | D:4      | Found Mahiomn's Antique Armour Boutique.
  5116 | D:4      | Bought a runed robe for 70 gold pieces
  5648 | D:3      | Became a worshipper of Dithmenos the Shadowed
  5693 | D:4      | Found a deep blue altar of Sif Muna.
  5714 | D:5      | Entered Level 5 of the Dungeon
  5786 | D:5      | Found a white marble altar of Elyvilon.
  5920 | D:5      | Reached skill level 5 in Short Blades
  6185 | D:5      | Reached XP level 8. HP: 33/45 MP: 13/13
  6295 | D:5      | Found Numypic's Jewellery Emporium.
  6383 | D:5      | Got a dazzling trident
  6837 | D:5      | Found Yklit's Weapon Emporium.
  6840 | D:5      | Found a staircase to the Ecumenical Temple.
  6850 | D:5      | Found Diumm's Magic Scroll Shop.
  6859 | D:5      | Identified the +2 trident "Pogumoj" {holy, rPois Str+4 Dex+4} (You found it on level 5 of the Dungeon)
  6884 | D:5      | Found Inim's Magic Scroll Shop.
  7696 | D:5      | Reached skill level 5 in Stealth
  8474 | D:6      | Reached * piety under Dithmenos
  9507 | D:7      | You fall through a shaft!
  9546 | D:8      | Reached XP level 9. HP: 49/49 MP: 14/14
  9784 | D:7      | Found an ornate altar of the Wu Jian Council.
 10340 | D:7      | Found a sparkling altar of Nemelex Xobeh.
 10375 | D:7      | Noticed skk's ghost (novice TrMo)
 10380 | D:7      | Killed skk's ghost
 10380 | D:7      | Reached skill level 5 in Fighting
 10888 | D:7      | Reached XP level 10. HP: 55/60 MP: 15/15
 11090 | D:7      | Reached ** piety under Dithmenos
 11093 | D:7      | HP: 3/60 [poisoned by a hornet]
 11912 | D:8      | Found a glowing golden altar of the Shining One.
 11975 | D:8      | Got a transparent ring mail
 11986 | D:8      | Identified the cursed +0 ring mail "Itoxeh" {MR+ rCorr} (You found it on level 8 of the Dungeon)
 12653 | D:8      | Noticed a two-headed ogre
 12660 | D:8      | Killed a two-headed ogre
 12660 | D:8      | Reached skill level 10 in Short Blades
 13330 | D:9      | Noticed a two-headed ogre
 13350 | D:9      | Killed a two-headed ogre
 13440 | D:9      | Reached *** piety under Dithmenos
 13709 | D:9      | HP: 1/60 [electric eel/bolt of electricity (7)]
 13711 | D:9      | Reached XP level 11. HP: 1/64 MP: 19/19
 14122 | D:9      | Noticed a two-headed ogre
 14129 | D:9      | Killed a two-headed ogre
 14129 | D:9      | Reached skill level 10 in Stealth
 14208 | D:9      | Found a staircase to the Lair.
 14466 | D:9      | Killed from afar by an electric eel

Skill      XL: |  1  2  3  4  5  6  7  8  9 10 11 |
---------------+----------------------------------+-----
Short Blades   | 2 3 4 6 8 10 | 10.2
Dodging        | 4 6 7 8 |  8.1
Fighting       | 2 5 |  5.6
Evocations     | 4 5 8 |  8.0
Stealth        | 5 8 9 10 | 10.3

Action                   |  1- 3 |  4- 6 |  7- 9 | 10-12 || total
-------------------------+-------+-------+-------+-------++-------
Melee: Short sword       |    17 |       |       |       ||    17
       Dagger            |    83 |   321 |   521 |   315 ||  1240
 Abil: Evoke Berserk Rag |       |       |     5 |     6 ||    11
Evoke: Wand              |     5 |     6 |    11 |     9 ||    31
  Use: Scroll            |       |       |    12 |     2 ||    14
       Potion            |       |       |       |     1 ||     1
 Stab: Sleeping          |     4 |     4 |     5 |    10 ||    23
       Paralysed         |     2 |     4 |     5 |     3 ||    14
       Distracted        |     1 |     1 |       |     1 ||     3
  Eat: Chunk             |     2 |    10 |    21 |    13 ||    46
       Ration            |       |       |     1 |     1 ||     2
Armor: Leather armour    |    15 |    47 |       |       ||    62
       Robe              |       |       |    68 |    10 ||    78
       Ring mail         |       |       |       |    51 ||    51
Dodge: Dodged            |    62 |   199 |   297 |   182 ||   740
